[Event "N�_LL 2008/09"]
[Site "?"]
[Date "2008.09.28"]
[Round "2"]
[White "Groetz, Harald"]
[Black "Sadilek, Peter"]
[Result "1-0"]
[ECO "C06"]
[WhiteElo "2364"]
[BlackElo "2167"]
[Annotator "Stockerau : Bisamberg/Korneuburg"]
[PlyCount "84"]
[EventDate "2008.??.??"]
[TimeControl "40/1800+30:20/1800:900"]

1. e4 e6 2. d4 d5 3. Nd2 Nf6 4. e5 Nfd7 5. c3 c5 6. Bd3 Nc6 7. Ne2 cxd4 8. cxd4
f6 9. exf6 Nxf6 10. Nf3 Bd6 11. O-O O-O 12. Bf4 Bxf4 13. Nxf4 Ne4 14. g3 Qf6
15. h4 h6 (15... Nxd4 16. Bxe4 dxe4 17. Nxd4 e5 18. Nd5 Qf7 19. Nb5 Bh3 20. Nd6
Qd7 21. Ne3) 16. Bxe4 dxe4 17. Ne5 Rd8 18. Nxc6 bxc6 19. Qc2 Rb8 20. b3 Ba6 (
20... Rxd4 21. Qxc6 e5 22. Nd5 Qd8 (22... Qf7 23. Qd6 Rb7 24. Qd8+ Qf8 25.
Qxf8+ Kxf8 26. Ne3) 23. Ne3 Bh3 24. Rfd1 Rc8 25. Qa6 Qe7) 21. Rfe1 g5 22. Nh5 (
22. hxg5 hxg5 23. Ng2 (23. Ne2 Bd3) (23. Nh5 Qf3 24. Qxc6) 23... Bd3 24. Qxc6
Rbc8) 22... Qf7 (22... Qf3 23. Qxc6 Bc8 24. Qc7 Bd7 25. hxg5 Qxh5) 23. Qxe4
Qxh5 24. Qxe6+ Qf7 25. Qxh6 Rf8 (25... Rxd4 26. Qxg5+ Qg7 27. Qxg7+ Kxg7 28.
Re7+ Kf6 29. Rxa7 Be2) (25... gxh4 26. Re4 Qg7 27. Qe6+) 26. Qxg5+ Kh8 27. f4
Rbe8 (27... Rb5 28. Qh6+ Kg8 29. Re6) 28. Re5 Rxe5 29. Qxe5+ Kg8 30. Re1 Bd3
31. Qg5+ Qg7 32. Qxg7+ Kxg7 33. Re3 Bb1 34. Re7+ Kf6 35. Rxa7 Kf5 36. Kf2 Ke4
37. a3 Bc2 38. Rc7 Kd5 39. b4 Bd1 40. Rd7+ Ke6 41. Ra7 Kd5 42. Rg7 Kxd4 (42...
Ke4 43. Re7+ Kd3 44. Re5 (44. Rd7 Re8 45. d5 Bg4 46. dxc6+ Bxd7 47. cxd7 Rd8
48. Kf3 Rxd7 49. f5) 44... Kxd4 45. Re6) 1-0

[Event "N�_LL 2008/09"]
[Site "?"]
[Date "2008.09.28"]
[Round "2"]
[White "Sadilek, Maximilian"]
[Black "Wetscherek, Gerhard"]
[Result "0-1"]
[ECO "B06"]
[WhiteElo "2156"]
[BlackElo "2107"]
[Annotator "Stockerau : Bisamberg/Korneuburg"]
[PlyCount "80"]
[EventDate "2008.??.??"]
[TimeControl "40/1800+30:20/1800:900"]

1. e4 d6 2. d4 g6 3. Nc3 Bg7 4. f4 c6 5. Nf3 Bg4 6. Be3 e6 7.
h3 Bxf3 8. Qxf3 Ne7 9. Bd3 d5 10. e5 a6 11. Bf2 Nd7 12. g4 c5 13. dxc5 Qa5 14.
O-O Nxc5 15. Rae1 Nd7 16. Kg2 Rc8 17. Bg3 Nc6 18. a3 Qb6 19. Nxd5 Qxb2 20. Ne3
O-O 21. Nc4 Qc3 22. Nd6 Rc7 23. Rf2 Qxe1 24. Rf1 Qc3 25. Ne4 Qxa3 26. g5 Nd4
27. Qf2 Nf5 28. Nf6+ Bxf6 29. gxf6 Qc5 30. Qf3 Qe3 31. Qg4 Qxg3+ 32. Qxg3 Nxg3
33. Kxg3 Nc5 34. f5 Nxd3 35. fxe6 Nxe5 36. e7 Re8 37. Kf4 Nc6 38. Kg5 Rexe7 39.
fxe7 Rxe7 40. Rd1 Kg7 0-1

[Event "N�_LL 2008/09"]
[Site "?"]
[Date "2008.09.28"]
[Round "2"]
[White "Pammer, Andreas"]
[Black "Schmid, Thomas"]
[Result "0-1"]
[ECO "E71"]
[WhiteElo "2120"]
[BlackElo "2188"]
[Annotator "Stockerau : Bisamberg/Korneuburg"]
[PlyCount "86"]
[EventDate "2008.??.??"]
[TimeControl "40/1800+30:20/1800:900"]

1. c4 Nf6 2. Nc3 g6 3. e4 d6 4. d4 Bg7 5. h3 O-O 6. Bg5 a5 7. Qd2 Na6 8. Rd1
Qe8 9. Bd3 e5 10. d5 Nd7 11. g4 f5 12. gxf5 gxf5 13. Bh6 Ndc5 14. Qg5 Qg6 15.
Qxg6 hxg6 16. Bxg7 Kxg7 17. Nge2 Rh8 18. h4 Nxd3+ 19. Rxd3 Nc5 20. Rg3 fxe4 21.
b3 Bf5 22. Rg5 Kf6 23. Ng3 Rh6 24. Nb5 Na6 25. Nc3 Nc5 26. Nb5 Nd3+ 27. Kf1 Rc8
28. Nxf5 gxf5 29. Rhg1 Rh7 30. Rg6+ Kf7 31. R6g5 Kf6 32. Rg6+ Kf7 33. R6g5 f4
34. h5 f3 35. Rf5+ Ke7 36. h6 Rf8 37. Rfg5 Rxh6 38. Nxc7 Rh2 39. R1g3 Rxf2+ 40.
Kg1 Rxa2 41. Rg7+ Rf7 42. Rxf7+ Kxf7 43. Ne6 Ra1+ 0-1

[Event "N�_LL 2008/09"]
[Site "?"]
[Date "2008.09.28"]
[Round "2"]
[White "Trkulja, Zoran"]
[Black "Hangweyrer, Manfred"]
[Result "0-1"]
[ECO "B01"]
[WhiteElo "2211"]
[BlackElo "2323"]
[Annotator "Stockerau : Bisamberg/Korneuburg"]
[PlyCount "124"]
[EventDate "2008.??.??"]
[TimeControl "40/1800+30:20/1800:900"]

1. e4 d5 2. exd5 Qxd5 3. Nc3 Qd8 4. g3 Nf6 5. Bg2 e5 6. Nge2
Nc6 7. d3 Be6 8. O-O Qd7 9. Be3 Bh3 10. d4 Bxg2 11. Kxg2 O-O-O 12. dxe5 Qf5 13.
Qc1 Qxe5 14. Bf4 Qf5 15. Bg5 Be7 16. Qf4 Qg6 17. Bxf6 Bxf6 18. Rad1 Qg5 19.
Qxg5 Bxg5 20. Ne4 Be7 21. Nf4 Rhe8 22. Rxd8+ Rxd8 23. Re1 f5 24. Nc3 Bb4 25.
Nd3 Bxc3 26. bxc3 b6 27. Kf3 Rd5 28. Kf4 Kd8 29. h4 Ra5 30. Nc1 Ne7 31. Rd1+
Ke8 32. c4 Ra4 33. Ke3 Rxc4 34. Kd3 Re4 35. f3 Re6 36. Kc4 c6 37. Rd3 Nd5 38.
Kb3 Re1 39. c4 Ne3 40. Rc3 Nd1 41. Rd3 Nf2 42. Rc3 c5 43. Kc2 Nh1 44. Kd2 Rg1
45. Ra3 Rg2+ 46. Ke3 Nxg3 47. Rxa7 Rc2 48. Nd3 Nh5 49. Ne5 Rc1 50. Kd2 Rh1 51.
Ra6 Rxh4 52. Rxb6 Rh2+ 53. Ke3 Rxa2 54. Rb5 Ra3+ 55. Kf2 Ke7 56. Rxc5 Nf4 57.
Rb5 Kf6 58. Nd7+ Kg5 59. c5 Rc3 60. Ke1 h5 61. Rb8 h4 62. Rg8 g6 0-1

[Event "N�_LL 2008/09"]
[Site "TOSHIBA"]
[Date "2008.10.12"]
[Round "3"]
[White "R�hrl, Karl"]
[Black "Strobl"]
[Result "1/2-1/2"]
[ECO "C45"]
[WhiteElo "2218"]
[BlackElo "2047"]
[Annotator "St.P�lten : B�hlerwerk"]
[PlyCount "80"]
[EventDate "2008.??.??"]
[TimeControl "240+2"]

1. e4 e5 2. Nc3 Bc5 3. Nf3 d6 4. d4 exd4 5. Nxd4 Nc6 6. Be3 Bb6 7. Qd2 Nf6 8.
O-O-O Ng4 9. Nxc6 bxc6 10. Bg5 f6 11. Bh4 O-O 12. h3 Ne5 13. f4 Nf7 14. Bc4 Qe8
15. Rhe1 Be6 16. Qd3 Kh8 17. Bb3 Bxb3 18. axb3 Qe6 19. Re2 Rae8 20. Qd2 Ba5 21.
Rde1 Qc8 22. Qd3 Qb7 23. Bf2 Bxc3 24. Qxc3 Qb5 25. g4 c5 26. Qc4 Qxc4 27. bxc4
Nd8 28. e5 fxe5 29. fxe5 Nc6 30. exd6 Rxe2 31. Rxe2 cxd6 32. Bg3 Nd4 33. Re1 h5
34. Bxd6 Rf2 35. Bxc5 Rxc2+ 36. Kb1 Rxc4 37. Bxa7 hxg4 38. Re4 gxh3 39. Rh4+
Kg8 40. Bb8 Nb3 1/2-1/2

[Event "N�_LL 2008/09"]
[Site "TOSHIBA"]
[Date "2008.10.12"]
[Round "3"]
[White "Lovrinovic, Christian"]
[Black "Denk, Adolf"]
[Result "1-0"]
[ECO "A67"]
[WhiteElo "2178"]
[BlackElo "2224"]
[Annotator "St.P�lten : B�hlerwerk"]
[PlyCount "93"]
[EventDate "2008.??.??"]
[TimeControl "240+2"]

1. d4 Nf6 2. c4 e6 3. Nc3 c5 4. d5 exd5 5. cxd5 d6 6. e4 g6 7. f4 Bg7 8. Bb5+
Nfd7 9. a4 Qh4+ 10. g3 Qe7 11. Nf3 O-O 12. O-O Na6 13. Re1 Nb4 14. Bf1 Rd8 15.
e5 dxe5 16. d6 Qe6 17. Ng5 Qf5 18. Bc4 Rf8 19. Re4 Nb6 20. Be2 exf4 21. Rxf4
Qxg5 22. Rxb4 Qd8 23. Rh4 Bf6 24. Re4 Bf5 25. Rf4 Be5 26. Rxf5 gxf5 27. a5 Nc8
28. Bh6 Nxd6 29. Bxf8 Qxf8 30. Qd5 Bd4+ 31. Kg2 Re8 32. Bf3 Qh6 33. Rd1 Re6 34.
Ne2 Re5 35. Qb3 c4 36. Qc2 Bc5 37. Nf4 Be3 38. Nd5 f4 39. Qc3 Re6 40. Bg4 f5
41. Bf3 fxg3 42. hxg3 Bg5 43. Nc7 Re3 44. Bd5+ Kf8 45. Qh8+ Ke7 46. Rh1 Re2+
47. Kf1 1-0

[Event "N�-LL 2008/09"]
[Site "?"]
[Date "2008.11.02"]
[Round "4"]
[White "Ganaus, Hannes"]
[Black "Groetz, Harald"]
[Result "1/2-1/2"]
[ECO "D19"]
[WhiteElo "2299"]
[BlackElo "2364"]
[Annotator "Stockerau : St.P�lten"]
[PlyCount "36"]
[EventDate "2008.??.??"]
[TimeControl "40/1800+30:20/1800:900"]

1. d4 d5 2. c4 c6 3. Nf3 Nf6 4. Nc3 dxc4 5.
a4 Bf5 6. e3 e6 7. Bxc4 Bb4 8. O-O Nbd7 9. Qe2 O-O 10. e4 Bg4 11. h3 Bxf3 12.
Qxf3 e5 13. d5 Bxc3 14. bxc3 cxd5 15. exd5 Rc8 16. Ba2 Qa5 17. c4 Nc5 18. Bb2
Rfe8 1/2-1/2

[Event "N�-LL 2008/09"]
[Site "?"]
[Date "2008.11.02"]
[Round "4"]
[White "Hangweyrer, Manfred"]
[Black "Neumeier, Klaus"]
[Result "1/2-1/2"]
[ECO "A48"]
[WhiteElo "2323"]
[BlackElo "2268"]
[Annotator "Stockerau : St.P�lten"]
[PlyCount "52"]
[EventDate "2008.??.??"]
[TimeControl "40/1800+30:20/1800:900"]

1. Nf3 Nf6 2. d4 g6 3. Bg5 Bg7 4. e3 O-O 5.
Nbd2 d6 6. e4 Qe8 7. Bd3 e5 8. O-O Nh5 9. Re1 f6 10. Be3 Kh8 11. Nf1 Be6 12.
Qd2 Nd7 13. Ng3 Nxg3 14. hxg3 c5 15. dxe5 dxe5 16. Bb5 Qe7 17. Red1 Rfd8 18. b4
Bf8 19. a3 Nb6 20. Qe2 Qc7 21. Rxd8 Rxd8 22. Rd1 a6 23. Rxd8 Qxd8 24. Bd3 Na4
25. Qd2 b5 26. Be2 Qc7 1/2-1/2

[Event "N�-LL 2008/09"]
[Site "?"]
[Date "2008.11.02"]
[Round "4"]
[White "Batyte, Daiva"]
[Black "Wallner, Erich"]
[Result "1/2-1/2"]
[ECO "A06"]
[WhiteElo "2160"]
[BlackElo "2181"]
[Annotator "Stockerau : St.P�lten"]
[PlyCount "82"]
[EventDate "2008.??.??"]
[TimeControl "40/1800+30:20/1800:900"]

1. g3 d5 2. Bg2 Nf6 3. Nf3 e6 4. b3 c5 5. Bb2 Nc6 6. d3 Be7 7.
Nbd2 O-O 8. O-O b6 9. e4 Qc7 10. e5 Nd7 11. Qe2 Ba6 12. a3 Rac8 13. Rfe1 c4 14.
dxc4 dxc4 15. Nxc4 Na5 16. Nfd2 Nxc4 17. Nxc4 Bxc4 18. bxc4 Qxc4 19. Rad1 Qxe2
20. Rxe2 Rc7 21. c4 Rfc8 22. f4 Nf8 23. Bh3 Rxc4 24. f5 Rc2 25. Kf1 Bg5 26.
Rde1 Rxe2 27. Rxe2 exf5 28. Bxf5 Ne6 29. Rc2 Rxc2 30. Bxc2 Be3 31. a4 Bd4 32.
Bxd4 Nxd4 33. Be4 Kf8 34. Kf2 Ke7 35. Ke3 Nb3 36. Bxh7 g6 37. h4 Nc5 38. h5
gxh5 39. Bc2 a6 40. Kd4 Ke6 41. Bd1 Nd7 1/2-1/2

[Event "N�-LL 2008/09"]
[Site "?"]
[Date "2008.11.02"]
[Round "4"]
[White "Roehrl, Karl"]
[Black "Sadilek, Maxilmilian"]
[Result "1/2-1/2"]
[ECO "B24"]
[WhiteElo "2218"]
[BlackElo "2156"]
[Annotator "Stockerau : St.P�lten"]
[PlyCount "78"]
[EventDate "2008.??.??"]
[TimeControl "40/1800+30:20/1800:900"]

1. e4 c5 2. Nc3 e6 3. g3 d5 4. d3 Nc6 5. Bg2 Nf6 6. Nge2 Be7 7. O-O O-O 8. exd5
Nxd5 9. Nxd5 exd5 10. Nf4 d4 11. Re1 Bd6 12. h3 Bd7 13. Bd2 Ne7 14. b3 Bc6 15.
Qg4 Qc8 16. Qxc8 Raxc8 17. Re2 Bxg2 18. Kxg2 Nc6 19. a3 Rfe8 20. Rae1 Rxe2 21.
Rxe2 b5 22. Nd5 c4 23. bxc4 bxc4 24. Bb4 Bxb4 25. axb4 cxd3 26. cxd3 Kf8 27.
Ra2 Rb8 28. Kf3 Rb5 29. Ra6 Ne5+ 30. Ke4 Nxd3 31. Rxa7 f5+ 32. Kxd4 Nxb4 33.
Nxb4 Rxb4+ 34. Ke5 f4 35. gxf4 Rb5+ 36. Ke6 Rb6+ 37. Kf5 Rh6 38. Ra3 Kf7 39.
Ke5 Re6+ 1/2-1/2

[Event "N�_LL 2008/09"]
[Site "TOSHIBA"]
[Date "2008.11.16"]
[Round "5"]
[White "R�hrl, Karl"]
[Black "Todor, Razvan"]
[Result "1-0"]
[ECO "B86"]
[WhiteElo "2218"]
[BlackElo "2181"]
[Annotator "St.P�lten : Wr.Neustadt"]
[PlyCount "77"]
[EventDate "2008.??.??"]
[TimeControl "300"]

1. e4 c5 2. Nf3 d6 3. d4 cxd4 4. Nxd4 Nf6 5. Nc3 a6 6. Bc4 e6 7. Bb3 Be7 8. Be3
b5 9. a3 Qc7 10. O-O Bd7 11. f4 Nc6 12. f5 Nxd4 13. Bxd4 e5 14. Bf2 Bc6 15. Re1
Qb7 16. Qe2 g6 17. Bh4 gxf5 18. Bxf6 Bxf6 19. Nd5 Bg7 20. Rad1 f4 21. Qg4 Kf8
22. Qh4 h5 23. g3 Re8 24. Rf1 Rh6 25. gxf4 Bxd5 26. Bxd5 Qb6+ 27. Kh1 Bf6 28.
Qh3 Qc5 29. c3 Re7 30. fxe5 Bxe5 31. Rf5 h4 32. Rdf1 Rh7 33. Rg5 Rg7 34. Rxg7
Bxg7 35. Rg1 Qf2 36. Qg4 f6 37. Bc6 Qb6 38. Qc8+ Kf7 39. Bd5+ 1-0

[Event "N�_LL 2008/09"]
[Site "TOSHIBA"]
[Date "2008.11.16"]
[Round "5"]
[White "Denk, Adolf"]
[Black "Steiner, Adam"]
[Result "1-0"]
[ECO "A29"]
[WhiteElo "2224"]
[BlackElo "2184"]
[Annotator "St.P�lten : Wr.Neustadt"]
[PlyCount "97"]
[EventDate "2008.??.??"]
[TimeControl "300"]

1. c4 e5 2. Nc3 Nf6 3. g3 d5 4. cxd5 Nxd5 5. Bg2 Nb6 6. Nf3 Nc6 7. O-O Be7 8.
a3 a5 9. d3 O-O 10. Be3 Be6 11. Rc1 Nd5 12. Bd2 f5 13. Na4 e4 14. Ne1 Nf6 15.
Be3 Ne5 16. Nc5 Bd5 17. dxe4 fxe4 18. Qc2 Nc4 19. Bd4 Bxc5 20. Bxc5 Re8 21. Rd1
c6 22. Qc3 Qc7 23. Nc2 Qf7 24. Bd4 Nd6 25. Ne3 Nb5 26. Qc5 Nd7 27. Qc1 Nxd4 28.
Rxd4 Nf6 29. Qc5 Qh5 30. Rd2 Ng4 31. Nxg4 Qxg4 32. Qe3 Qe6 33. Qc5 Qe7 34. Qxe7
Rxe7 35. e3 Rd8 36. Rc1 Rdd7 37. h4 Kf7 38. Rcd1 Kf6 39. Rd4 Re5 40. Bxe4 h6
41. Bg2 Rc7 42. Bxd5 cxd5 43. Rxd5 Rc2 44. R1d2 Rxd5 45. Rxd5 Rxb2 46. Rxa5 b6
47. Ra4 b5 48. Ra7 g6 49. Kg2 1-0

[Event "N�-LL 2008/09"]
[Site "TOSHIBA"]
[Date "2008.11.16"]
[Round "5"]
[White "Volkmann, Friedrich"]
[Black "Ganaus, Hannes"]
[Result "1/2-1/2"]
[ECO "B12"]
[WhiteElo "2419"]
[BlackElo "2299"]
[Annotator "St.P�lten : Wr.Neustadt"]
[PlyCount "105"]
[EventDate "2008.??.??"]
[TimeControl "300"]

1. e4 c6 2. d4 d5 3. f3 e6 4. Nc3 Bb4 5. a3 Ba5 6. b4 Bc7 7. e5 Nd7 8. f4 a5 9.
Rb1 axb4 10. axb4 b5 11. Nf3 f5 12. Bd3 Nb6 13. g4 Nh6 14. g5 Ng8 15. O-O Ne7
16. Kh1 Bd7 17. Nd2 Kf8 18. Nb3 Be8 19. Nc5 Qc8 20. Rg1 Nc4 21. Be2 h6 22. gxh6
Rxh6 23. Rg5 Bd8 24. Qg1 Ng6 25. Rh5 Ra7 26. Rb3 Nh4 27. Rxh6 gxh6 28. Nd1 Rg7
29. Rg3 Rxg3 30. hxg3 Ng6 31. Ne3 Bf7 32. Nxc4 bxc4 33. Qe3 Bb6 34. Qa3 Kg7 35.
Be3 h5 36. Qa6 Qxa6 37. Nxa6 Ne7 38. c3 Nc8 39. Bd1 Na7 40. Bd2 Be8 41. Kg2 Nb5
42. Kf2 Kh6 43. Ke3 Ba7 44. Be1 Bd7 45. Ba4 Bc8 46. Nc5 Kg6 47. Kd2 Bb6 48. Bd1
Kh6 49. Be2 Kg6 50. Ke3 Kh6 51. Na4 Bd8 52. Nb2 Bd7 53. Na4 1/2-1/2

[Event "N�-LL 2008/09"]
[Site "TOSHIBA"]
[Date "2008.11.16"]
[Round "?"]
[White "Wiedner, Robert"]
[Black "Neumeier, Klaus"]
[Result "1-0"]
[ECO "A15"]
[WhiteElo "2179"]
[BlackElo "2268"]
[Annotator "St.P�lten : Wr.Neustadt"]
[PlyCount "77"]
[EventDate "2008.??.??"]
[TimeControl "300"]

1. Nf3 Nf6 2. c4 g6 3. b4 Bg7 4. Bb2 O-O 5. h3 d6 6. d3 e5 7. e3 a5 8. a3 axb4
9. axb4 Rxa1 10. Bxa1 Na6 11. Bc3 e4 12. Nfd2 exd3 13. Bxd3 Nd7 14. Qb3 Ne5 15.
Be4 c6 16. O-O Be6 17. f4 Nxc4 18. Nxc4 Bxc4 19. Qxc4 d5 20. Bxd5 cxd5 21. Qb3
Qb6 22. Bxg7 Kxg7 23. f5 Re8 24. fxg6 hxg6 25. Qxd5 Qxe3+ 26. Kh1 Re7 27. Qc4
Rc7 28. Qh4 Rc6 29. b5 g5 30. Qe1 Qxe1 31. Rxe1 Rb6 32. bxa6 bxa6 33. Nc3 Rb3
34. Ne4 Kg6 35. Ra1 Rb6 36. Nc5 Kf5 37. Rxa6 Rb1+ 38. Kh2 Rc1 39. g4+ 1-0

[Event "N�-Landesliga 2008/09"]
[Site "."]
[Date "2008.12.14"]
[Round "6"]
[White "Kleiser, Gregor"]
[Black "Weissenbeck, Manuel"]
[Result "0-1"]
[ECO "E18"]
[WhiteElo "2285"]
[BlackElo "2247"]
[Annotator "Mauerbach : Niederabsdorf"]
[PlyCount "78"]
[EventDate "2008.??.??"]
[TimeControl "240+2"]

1. d4 Nf6 2. Nf3 e6 3. g3 b6 4. Bg2 Bb7 5. O-O Be7 6. c4 O-O 7. Nc3 Ne4 8. Qd3
f5 9. Ne5 d5 10. Nxe4 dxe4 11. Qc3 Nd7 12. Bf4 a5 13. Rfd1 Bf6 14. c5 Bd5 15.
cxb6 cxb6 16. Nc6 Qc8 17. Rac1 Qb7 18. b4 axb4 19. Nxb4 Rfc8 20. Qb2 b5 21. Bf1
Bc4 22. e3 Nb6 23. Bd6 Bxf1 24. Rxf1 Nc4 25. Qb3 Ra3 26. Rxc4 Rxb3 27. Rxc8+
Qxc8 28. axb3 Qc3 29. Bc5 Qxb3 30. Ra1 h5 31. h4 Kh7 32. Nc6 f4 33. gxf4 Bxh4
34. Rf1 Qb2 35. Kg2 Qe2 36. Ne5 Bf6 37. Rh1 Bxe5 38. dxe5 Qf3+ 39. Kg1 h4 0-1

[Event "N�-Landesliga 2008/09"]
[Site "."]
[Date "2008.12.14"]
[Round "6"]
[White "P�tz, Florian"]
[Black "Schorn, Christoph"]
[Result "1-0"]
[ECO "B80"]
[WhiteElo "2173"]
[BlackElo "2166"]
[Annotator "Mauerbach : Niederabsdorf"]
[PlyCount "59"]
[EventDate "2008.??.??"]
[TimeControl "240+2"]

1. e4 c5 2. Nf3 d6 3. d4 cxd4 4. Nxd4 Nf6 5. Nc3 a6 6. Be3 Ng4 7. Bc1 Nf6 8. f3
e6 9. Be3 b5 10. g4 h6 11. Qd2 Bb7 12. O-O-O Nbd7 13. a3 d5 14. exd5 Nxd5 15.
Nxd5 Bxd5 16. Be2 Rc8 17. Kb1 Ne5 18. Rhe1 Qc7 19. Bf4 Nc4 20. Bxc7 Nxd2+ 21.
Rxd2 Rxc7 22. Nxb5 Rb7 23. Nc7+ Rxc7 24. Rxd5 Bb4 25. Bb5+ Ke7 26. axb4 axb5
27. Rxb5 Rd8 28. Rc5 Rb7 29. b5 Rd2 30. h4 1-0

[Event "N�-Landesliga 2008/09"]
[Site "."]
[Date "2008.12.14"]
[Round "6"]
[White "Tatzmann, Peter"]
[Black "Wiedermann, Daniel"]
[Result "1/2-1/2"]
[ECO "B31"]
[WhiteElo "2035"]
[BlackElo "2162"]
[Annotator "Mauerbach : Niederabsdorf"]
[PlyCount "37"]
[EventDate "2008.??.??"]
[TimeControl "240+2"]

1. e4 c5 2. Nf3 Nc6 3. Bb5 g6 4. c3 Bg7 5. O-O Nf6 6. Qa4 O-O 7. d4 cxd4 8.
cxd4 d6 9. Nc3 Bd7 10. d5 Na5 11. Be3 Rc8 12. Nd2 a6 13. Bxd7 Nxd7 14. Qb4 Nc5
15. Qa3 b5 16. b4 Bxc3 17. Qxc3 Nxe4 18. Qd4 Nxd2 19. Bxd2 1/2-1/2

[Event "N�_LL 2008/09"]
[Site "?"]
[Date "2008.12.14"]
[Round "7"]
[White "Wiedner, Robert"]
[Black "Schmid, Thomas"]
[Result "1-0"]
[ECO "E67"]
[WhiteElo "2179"]
[BlackElo "2188"]
[Annotator "Stockerau : Wr.Neustadt"]
[PlyCount "45"]
[EventDate "2008.??.??"]
[TimeControl "40/1800+30:20/1800:900"]

1. Nf3 Nf6 2. c4 g6 3. g3 Bg7 4. Bg2 O-O 5. d4 d6 6. Nc3 Nbd7 7. b4 a5 8. b5 e5
9. dxe5 dxe5 10. O-O Qe7 11. Nd2 Re8 12. Rb1 Bf8 13. Qc2 Nb6 14. a4 Nfd7 15.
Nde4 f5 16. Bg5 Qg7 17. c5 fxe4 18. cxb6 cxb6 19. Nd5 Bd6 20. Bxe4 h6 21. Bxg6
Rf8 22. Be3 Nc5 23. Nxb6 1-0

[Event "N�_LL 2008/09"]
[Site "?"]
[Date "2008.12.14"]
[Round "7"]
[White "Schroll, Gerhard"]
[Black "Hangweyrer, Manfred"]
[Result "1/2-1/2"]
[ECO "B10"]
[WhiteElo "2395"]
[BlackElo "2323"]
[Annotator "Stockerau : Wr.Neustadt"]
[PlyCount "62"]
[EventDate "2008.??.??"]
[TimeControl "40/1800+30:20/1800:900"]

1. c4 c6 2. e4 d5 3. cxd5 cxd5 4. exd5 Nf6 5. Bb5+ Nbd7 6. Nc3 a6 7. Be2 Nb6 8.
Bf3 Nbxd5 9. Nge2 Nxc3 10. bxc3 e5 11. O-O Bd6 12. Ng3 O-O 13. d3 h6 14. Be3
Qc7 15. Qb3 Rb8 16. Ba7 Ra8 17. Bb6 Qe7 18. Rab1 Be6 19. c4 Rac8 20. Rfe1 Qd7
21. a4 Rfe8 22. Qd1 Re7 23. h3 Qe8 24. Ba5 Rb8 25. Bb4 Bxb4 26. Rxb4 b5 27.
axb5 axb5 28. Qb1 Bd7 29. cxb5 Rxb5 30. Rxb5 Bxb5 31. d4 Bd7 1/2-1/2

[Event "N�_LL 2008/09"]
[Site "?"]
[Date "2008.12.14"]
[Round "7"]
[White "Sadilek, Maximilian"]
[Black "Steiner, Adam"]
[Result "1/2-1/2"]
[ECO "D07"]
[WhiteElo "2156"]
[BlackElo "2184"]
[Annotator "Stockerau : Wr.Neustadt"]
[PlyCount "61"]
[EventDate "2008.??.??"]
[TimeControl "40/1800+30:20/1800:900"]

1. Nf3 d5 2. e3 Nc6 3. c4 e6 4. d4 Nf6 5. Nbd2 Bd6 6. a3 O-O 7. Bd3 Bd7 8. b4
a6 9. O-O Qe8 10. Rb1 b5 11. c5 Be7 12. e4 dxe4 13. Nxe4 Nd5 14. Bb2 Rd8 15.
Re1 Nf4 16. Bc2 f5 17. Ng3 Qg6 18. Qd2 Qg4 19. Bc1 Nd5 20. Bd1 f4 21. Ne4 Qg6
22. Bc2 Qh6 23. a4 bxa4 24. Ra1 Ndxb4 25. Bxa4 a5 26. Ba3 Nd5 27. Bxc6 Bxc6 28.
Ne5 Be8 29. Qxa5 Bg6 30. Nc6 f3 31. Qd2 1/2-1/2

[Event "N�_LL 2008/09"]
[Site "?"]
[Date "2008.12.14"]
[Round "7"]
[White "Groetz, Harald"]
[Black "Posch, Werner"]
[Result "1/2-1/2"]
[ECO "B04"]
[WhiteElo "2364"]
[BlackElo "2198"]
[Annotator "Stockerau : Wr.Neustadt"]
[PlyCount "46"]
[EventDate "2008.??.??"]
[TimeControl "40/1800+30:20/1800:900"]

1. e4 Nf6 2. e5 Nd5 3. d4 d6 4. Nf3 c6 5. Be2 dxe5 6. Nxe5 Nd7 7. Nf3 g6 8. O-O
Bg7 9. c4 Nc7 10. Nc3 O-O 11. Be3 e5 12. d5 cxd5 13. cxd5 Nb6 14. Bc5 Re8 15.
d6 Ne6 16. Bxb6 axb6 17. Nd5 Bd7 18. Qb3 Bc6 19. Bc4 Qxd6 20.
Nxb6 Ra5 21. Rfd1 Qc7 22. Bxe6 Rxe6 23. Rac1 Qe7 1/2-1/2